Description

JUST A COPY

Build Order

Get SALT Encoding   

  13  0:13  Overlord  
  17  0:46  Spawning Pool  
  17  1:09  Hatchery  
  16  1:16  Extractor  
  19  1:33  Queen  
  21  1:41  Overlord  
  22  2:03  Zergling x2  
  23  2:09  Queen  
  25  2:22  Metabolic Boost  
  25  2:24  Zergling x4  
  25  2:29  Queen  
  30  2:37  Overlord  
  38  3:09  Roach Warren  
  42  3:24  Overlord  
  44  3:35  Hatchery  
  44  3:40  Overlord  
  51  3:59  Lair  
  51  4:02  Evolution Chamber  
  51  4:09  Extractor x2  
  49  4:29  Zerg Missile Weapons Level 1  
Spawning Tool Build Advisor. Get it on Overwolf

Go to:

Details

  • Created by: ardeaf
  • Published on: Aug 17, 2019
  • Modified on: Aug 17, 2019
  • Patch: 4.7.1
  • Difficulty: Easy
Show
View Real Time Build Order
Export as new Build Order

Comments (0)

There are no comments. Be the first!

Create an account to comment!